 Dungeon Crawl Stone Soup version 0.27-a0-681-g0c81a3c1c3 (webtiles) character file.

Game seed: 3156888090434702018

8 Lanoc the Skirmisher (level 2, 0/24 HPs)
             Began as a Mummy Abyssal Knight on Mar 20, 2021.
             Was a Follower of Lugonu.
             Slain by Sigmund
             ... wielding a +0 scythe
              (8 damage)
             ... on level 1 of the Dungeon.
             The game lasted 00:01:00 (654 turns).

Lanoc the Skirmisher (Mummy Abyssal Knight)          Turns: 654, Time: 00:01:00

Health: 0/24       AC:  3    Str: 15    XL:     2   Next: 0%
Magic:  12/12      EV: 11    Int: 11    God:    Lugonu [*.....]
Gold:   8          SH:  0    Dex: 11    Spells: 1/1 levels left

rFire    x . .     SeeInvis .   a - +1 spear
rCold    + . .     Faith    .   (no shield)
rNeg     + + +     Spirit   .   b - +0 leather armour
rPois    ∞         Reflect  .   (no helmet)
rElec    .         Harm     .   (no cloak)
rCorr    .         Rampage  .   (no gloves)
Will     .....                  (no boots)
Stlth    +.........             (no amulet)
HPRegen  0.08/turn              e - ring of magical power
MPRegen  0.13/turn              (no ring)

@: no status effects
A: cold resistance 1, negative energy resistance 3, torment resistance 2,
unbreathing 1, heat vulnerability 1, no potions
a: Renounce Religion, Depart the Abyss


You were on level 1 of the Dungeon.
You worshipped Lugonu.
Lugonu was aware of your devotion.
You visited 1 branch of the dungeon, and saw 2 of its levels.
You visited the Abyss 1 time.

You collected 8 gold pieces.

Inventory:

Hand Weapons
 a - a +1 spear (weapon)
Armour
 b - a +0 leather armour (worn)
Jewellery
 e - a ring of magical power (right hand)
Wands
 d - a wand of flame (10)


   Skills:
 + Level 3.1 Fighting
 * Level 1.9 Polearms
 - Level 1.5 Armour
 + Level 1.0 Dodging
 + Level 1.7 Invocations


You had one spell level left.
You didn't know any spells.
Your spell library was empty.

Dungeon Overview and Level Annotations

Branches:
Dungeon (2/15)

Altars:

Annotations:
D:1 Sigmund


Innate Abilities, Weirdness & Mutations

You are immune to poison.
Your flesh is cold resistant. (rC+)
You are immune to negative energy. (rN+++)
You are immune to unholy pain and torment.
You can survive without breathing.
You are vulnerable to heat. (rF-)
You do not drink.


Message History

Lugonu accepts your kill.
You closely miss the leopard gecko.
The leopard gecko is almost dead.
The leopard gecko bites you.
You hit the leopard gecko but do no damage.
The leopard gecko is almost dead.
The leopard gecko closely misses you. The leopard gecko bites you.
Something hits you!
Ouch! That really hurt!
* * * LOW HITPOINT WARNING * * *
There is a stone staircase leading up here.
The leopard gecko misses you.
You climb upwards.
Reactivating autopickup.
There is a stone staircase leading down here.
You closely miss the leopard gecko.
The leopard gecko is almost dead.
The leopard gecko bites you but does no damage.
You hit the leopard gecko.
You kill the leopard gecko!
Lugonu accepts your kill.
Your Dodging skill increases to level 1!
You have reached level 2!
You start resting.
HP restored.
You climb downwards.
Level annotation: Sigmund The kobold misses you.
Sigmund closely misses you.
There is a stone staircase leading up here.
The kobold closely misses you. Sigmund hits you with a +0 scythe!
Ouch! That really hurt!
You climb upwards.
There is a stone staircase leading down here.
You are too injured to fight recklessly!
You can't drink.
As you read the scroll labelled JYLLASI VEFO, it crumbles to dust.
It is a scroll of identify.
You don't have any unidentified items.
The kobold hits you with a +0 dagger. Sigmund hits you with a +0 scythe!
You die...

##.# #.# #....
#.# ..... #†#
#....# ###.#
###.#..## #...# #
#.......###.###
#. #.#.#.#.....#
#.##........##K#
#....#.#.#..##@#
####.........##@#
#.....#.#.#..##.#
#.†...[.###.#
###.##### #.# ##
####.#### #.# .#
#.......# #.. .+
#.##.##.# #.#
.#..#.##.##.####


You could see Sigmund and a kobold.

Vanquished Creatures
  A leopard gecko (D:1)
  4 bats (D:1)
  3 rats (D:2)
8 creatures vanquished.

Notes
Turn   | Place    | Note
-------+----------+-------------------------------------------
     0 | Abyss:1  | Lanoc the Mummy Abyssal Knight began the quest for the Orb.
     0 | Abyss:1  | Reached XP level 1. HP: 18/18 MP: 2/2
    15 | Abyss:1  | Found a corrupted altar of Lugonu.
   137 | Abyss:1  | Noticed a large abomination
   137 | Abyss:1  | Noticed a large abomination
   158 | Abyss:2  | Noticed a large abomination
   162 | D:1      | Escaped the Abyss
   333 | D:2      | Reached * piety under Lugonu
   363 | D:2      | Noticed Sigmund
   379 | D:1      | Reached skill level 1 in Dodging
   379 | D:1      | Reached XP level 2. HP: 2/24 MP: 3/3
   654 | D:1      | Slain by Sigmund

Illustrated notes

Levels and vault maps discovered:
D:1:      minmay_arrival_cross, layout_loops_ring, serial_glass,
          glass_columns_b, glass_columns_b, glass_columns_a, glass_columns_a,
          glass_columns_a, glass_columns_b, serial_bayou_pond_a,
          minmay_octomino_c4
D:2:      layout_loops_cross, nicolae_tso_carved_into_rock,
          lightli_temple_of_fire, kennysheep_slug_shrine, uniq_sigmund

Skill      XL: |  1 |
---------------+----+-----
Dodging        | 1 |  1.0
Fighting       | |  3.1
Polearms       | |  1.9
Armour         | |  1.5
Invocations    | |  1.7

Action                   || total
-------------------------++-------
Melee: Spear             ||    23
Invok: Depart the Abyss  ||     1
  Use: Scroll            ||     1
Armor: Leather armour    ||     8
Dodge: Dodged            ||    17

Table legend: (Time is in decaauts)
 A = Elapsed time spent in this place.
 B = Non-inter-level travel time spent in this place.
 C = Inter-level travel time spent in this place.
 D = Time resting spent in this place.
 E = Time spent auto-exploring this place.
 F = Levels seen in this place.
 G = Mean time per level.
                   A        B        C        D        E       F      G
               +--------+--------+--------+--------+--------+-----+--------+
         Total |    655 |    650 |      5 |    271 |    298 |   4 |  163.8 |
       Dungeon |    493 |    488 |      5 |    271 |    160 |   2 |  246.5 |
         Abyss |    162 |    162 |      0 |      0 |    138 |   2 |   81.0 |
               +--------+--------+--------+--------+--------+-----+--------+

Top non-repeatable levels by time:
     D:1: 439 daAuts
 Abyss:1: 148 daAuts
     D:2: 53 daAuts
 Abyss:2: 13 daAuts
